 Dungeon Crawl Stone Soup version 0.25-a0-194-gece12570e2 (webtiles) character file.

Game seed: 608550265411200684, levelgen mode: deterministic

516 hanguk the Chopper (level 7, -3/53 HPs)
             Began as a Demonspawn Gladiator on Nov 30, 2019.
             Slain by a killer bee (4 damage)
             ... while paralysed by Grinder
             ... on level 4 of the Dungeon.
             The game lasted 00:08:04 (4050 turns).

hanguk the Chopper (Demonspawn Gladiator)           Turns: 4050, Time: 00:08:04

Health: -3/53      AC: 11    Str: 16    XL:     7   Next: 0%
Magic:  0/7        EV:  2    Int: 10    God:
Gold:   84         SH:  0    Dex: 14    Spells: 6/6 levels left

rFire    . . .     SeeInvis .   b - +2 whip (venom)
rCold    . . .     Gourm    .   (no shield)
rNeg     . . .     Faith    .   j - +0 plate armour
rPois    .         Spirit   +   (helmet restricted)
rElec    .         Reflect  .   (no cloak)
rCorr    .         Harm     .   (no gloves)
MR       .....                  (no boots)
Stlth    ..........             (no amulet)
HPRegen  0.17/turn              (no ring)
MPRegen  0.20/turn              (no ring)

@: paralysed, lethally poisoned (-3 -> -5)
A: antennae 1, magic shield, magic regeneration
a: no special abilities


You were on level 4 of the Dungeon.
You were not hungry.

You visited 1 branch of the dungeon, and saw 4 of its levels.

You collected 84 gold pieces.

Inventory:

Hand Weapons
 a - a +0 war axe
 b - a +2 whip of venom (weapon)
 u - a +0 trident
 w - a +2 flail of holy wrath
Missiles
 d - 3 throwing nets
 v - 6 boomerangs (quivered)
Armour
 c - a +0 helmet
 g - a +0 ring mail
 j - a +0 plate armour (worn)
Magical Staves
 t - an uncursed staff of earth {unknown}
Wands
 s - a wand of enslavement (6)
Scrolls
 i - 3 scrolls of identify {unknown}
 m - a scroll of amnesia {unknown}
 x - 2 scrolls of immolation {unknown}
Potions
 e - a potion of resistance {unknown}
 h - 2 potions of curing {unknown}
 l - a potion of flight {unknown}
 n - 2 potions of lignification {unknown}
 o - 3 potions of heal wounds {unknown}
 p - a potion of haste {unknown}
 q - 2 potions of brilliance {unknown}
 r - a potion of mutation {unknown}
 z - a potion of cancellation {unknown}
Comestibles
 f - 5 rations
 k - 6 chunks of flesh


   Skills:
 + Level 3.6 Fighting
 + Level 4.8 Axes
 + Level 2.1 Throwing
 + Level 4.1 Armour
 - Level 2.6 Dodging
 - Level 0.4 Stealth


You had 6 spell levels left.
You didn't know any spells.
Your spell library contained the following spells:

 Spells                   Type           Power        Failure   Level  Hunger
 Animate Skeleton         Necr           N/A          100%        1    ##.....
 Apportation              Tloc           #.....       100%        1    ##.....
 Confusing Touch          Hex            #.....       100%        1    ##.....
 Summon Small Mammal      Summ           #...         100%        1    ##.....


Dungeon Overview and Level Annotations

Branches:
Dungeon (4/15)
 Temple: D:4-7

Altars:

Annotations:
D:1 exclusion: 2 downstairs
D:2 exclusion: downstairs
D:4 Grinder


Innate Abilities, Weirdness & Mutations

You have a pair of small antennae on your head.
When hurt, damage is shared between your health and your magic reserves.
You regenerate magic rapidly.


Message History

You miss the killer bee.
You feel sick.
The killer bee stings you but does no damage. x2
You miss the killer bee. The killer bee barely misses you. x2
Grinder gestures at you.
You suddenly lose the ability to move!
The killer bee stings you.
* * * LOW HITPOINT WARNING * * *
The killer bee stings you.
* * * LOW HITPOINT WARNING * * *
Grinder blinks!
You feel sick.
Grinder looks more healthy.
The killer bee stings you but does no damage. x2
The killer bee stings you but does no damage. x2
Grinder gestures at you. Pain shoots through your body!
* * * LOW HITPOINT WARNING * * *
The killer bee stings you.
* * * LOW HITPOINT WARNING * * *
The killer bee stings you.
You die...

...# ..## )..#
..5# #######..#
#.. .....l#..#
#..# ...:Yhy..#
..# {#@.#
#####..## ##..#
........+ #.).#
.#.####.#{ #.#.#
#.....#(## ##...#
.#.##.#..# {#...##
##.##.##.## ##...#
..........#+#...##
....#.###.......#


You could see Grinder, a yak, an iguana, a hound and a killer bee.

Vanquished Creatures
  Sigmund (D:3)
  An orc warrior (D:2)
  An orc priest (D:3)
  A worker ant (D:4)
  Robin (D:3)
  A gnoll (D:2)
  9 adders
  An ooze (D:2)
  An adder skeleton (D:4)
  3 worms
  4 dart slugs
  3 leopard geckos
  7 orcs
  6 bats
  3 giant cockroaches
  15 goblins
  11 hobgoblins
  4 jackals (D:1)
  2 ball pythons (D:3)
  5 frilled lizards
  5 kobolds
  A leopard gecko skeleton (D:4)
  8 rats
94 creatures vanquished.

Notes
Turn   | Place    | Note
-------+----------+-------------------------------------------
     0 | D:1      | hanguk the Demonspawn Gladiator began the quest for the
                  | Orb.
     0 | D:1      | Reached XP level 1. HP: 16/16 MP: 1/1
   180 | D:1      | Gained mutation: When hurt, damage is shared between your
                  | health and your magic reserves. [demonic ancestry]
   180 | D:1      | Reached XP level 2. HP: 12/22 MP: 2/2
   499 | D:1      | Gained mutation: You have a pair of small antennae on your
                  | head. [demonic ancestry]
   499 | D:1      | Reached XP level 3. HP: 25/27 MP: 3/3
  1487 | D:2      | Reached XP level 4. HP: 21/34 MP: 1/4
  1623 | D:2      | Reached skill level 1 in Armour
  2297 | D:3      | Noticed Robin
  2493 | D:3      | Killed Robin
  2493 | D:3      | Reached XP level 5. HP: 37/39 MP: 2/5
  2574 | D:3      | Noticed an orc warrior
  2594 | D:2      | Killed an orc warrior
  3080 | D:3      | Noticed Sigmund
  3154 | D:3      | Reached XP level 6. HP: 47/47 MP: 6/6
  3867 | D:3      | Killed Sigmund
  4000 | D:4      | Gained mutation: You regenerate magic rapidly. [demonic
                  | ancestry]
  4000 | D:4      | Reached XP level 7. HP: 53/53 MP: 7/7
  4029 | D:4      | Noticed Grinder
  4030 | D:4      | Noticed a yak
  4034 | D:4      | Paralysed by Grinder for 7 turns
  4046 | D:4      | Paralysed by Grinder for 6 turns
  4049 | D:4      | HP: 1/53 [Grinder/nerve-wracking pain (6)]
  4050 | D:4      | Slain by a killer bee

Levels and vault maps discovered:
D:1:      dpeg_arrival_three_same_balls, layout_loops_cross
D:2:      layout_loops_corners, first_ration
D:3:      layout_basic, kennysheep_potato, uniq_robin, uniq_sigmund
D:4:      layout_loops_ring, nicolae_overflow_crystal_walls,
          minmay_temple_entry_waves, minmay_divided_ellipse, uniq_grinder,
          uniq_pikel

Skill      XL: |  1  2  3  4  5  6 |
---------------+-------------------+-----
Axes           | 3 4 |  4.8
Armour         | 1 2 4 |  4.1
Fighting       | 3 |  3.6
Throwing       | 2 |  2.1
Dodging        | |  2.6
Stealth        | |  0.4

Action                   |  1- 3 |  4- 6 |  7- 9 || total
-------------------------+-------+-------+-------++-------
Melee: War axe           |    80 |       |       ||    80
       Whip              |    18 |   190 |    14 ||   222
Throw: Boomerang         |       |     4 |       ||     4
  Eat: Chunk             |     2 |     8 |       ||    10
Armor: Leather armour    |    21 |       |       ||    21
       Ring mail         |    20 |    42 |       ||    62
       Plate armour      |       |    65 |    17 ||    82
Dodge: Dodged            |    80 |    86 |     3 ||   169

Table legend:
 A = Non-vault XP
 B = Vault XP
 C = Vault XP percentage of total XP
 D = Non-vault monster count
 E = Vault monster count
 F = Vault count percentage of total count
                 A         B        C        D         E       F
            +---------+---------+-------+---------+---------+-------
      Total |     473 |     265 |  35.9 |      77 |      17 |  18.1
            +---------+---------+-------+---------+---------+-------
        D:1 |      44 |       0 |   0.0 |      20 |       0 |   0.0
        D:2 |     246 |      24 |   8.9 |      26 |      12 |  31.6
        D:3 |     135 |     241 |  64.1 |      25 |       5 |  16.7
        D:4 |      48 |       0 |   0.0 |       6 |       0 |   0.0
            +---------+---------+-------+---------+---------+-------
